 Dungeon Crawl Stone Soup version 0.21.1-1-g345015fe64 (webtiles) character file.

284 Gargoyl the Skirmisher (level 6, -1/52 HPs)
             Began as a Centaur Abyssal Knight on May 20, 2018.
             Was a Follower of Lugonu.
             Slain by Ykky's ghost (16 damage)
             ... on level 4 of the Dungeon.
             The game lasted 00:06:17 (2505 turns).

Gargoyl the Skirmisher (Centaur Abyssal Knight)     Turns: 2505, Time: 00:06:17

Health: -1/52      AC:  8    Str: 15    XL:     6   Next: 7%
Magic:  8/8        EV: 13    Int: 15    God:    Lugonu [*.....]
Gold:   144        SH:  3    Dex: 10    Spells: 5/5 levels left

rFire    . . .     SeeInvis .   a - +1 hand axe
rCold    . . .     Gourm    .   h - +0 buckler
rNeg     + . .     Faith    .   d - +2 robe {rN+}
rPois    .         Spirit   .   k - +2 hat
rElec    .         Reflect  .   (no cloak)
rCorr    .         Harm     .   (no gloves)
MR       .....                  (no barding)
Stlth    +.........             (no amulet)
HPRegen  0.17/turn              n - +4 ring of intelligence
MPRegen  0.11/turn              f - +4 ring of evasion

@: very quick
A: large, hooves 3, deformed body, speed 2, tough skin 3
a: Depart the Abyss, Renounce Religion


You were on level 4 of the Dungeon.
You worshipped Lugonu.
Lugonu was aware of your devotion.
You were hungry.

You visited 1 branch of the dungeon, and saw 4 of its levels.
You visited the Abyss 1 time.

You collected 144 gold pieces.

Inventory:

Hand Weapons
 a - a +1 hand axe (weapon)
Missiles
 q - 6 javelins (quivered)
Armour
 d - a +2 robe of positive energy (worn)
 h - a +0 buckler (worn)
 k - a +2 hat (worn)
Jewellery
 f - a +4 ring of evasion (right hand)
 n - a +4 ring of intelligence (left hand)
Wands
 j - a wand of flame (36)
Scrolls
 g - 5 scrolls of identify
 i - a scroll of teleportation
 l - a scroll of enchant armour
 t - a scroll of magic mapping
Potions
 b - a potion of resistance
 m - 3 potions of curing
 r - a potion of might {unknown}
 u - a potion of agility {unknown}
Comestibles
 c - 4 rations


   Skills:
 + Level 4.1 Fighting
 + Level 3.3 Axes
 * Level 2.1 Armour
 + Level 1.6 Dodging
 * Level 3.7 Invocations


You had 5 spell levels left.
You didn't know any spells.

Dungeon Overview and Level Annotations

Branches:
Dungeon (4/15)
 Temple: D:4-7

Altars:
Elyvilon
Fedhas
Qazlal
Yredelemnul

Annotations:
D:3 Sigmund, Terence
D:4 Ykky's ghost, amateur DDFi


Innate Abilities, Weirdness & Mutations

You have hooves in place of feet.
Armour fits poorly on your strangely shaped body.
You cover ground very quickly.
You have extremely tough skin. (AC +3)


Message History

Unknown command.
You hit the ice beast but do no damage.
The ice beast is heavily wounded.
You block the ice beast's attack.
You hit the ice beast.
The ice beast is severely wounded.
The ice beast misses you.
Unknown command.
You closely miss the ice beast.
The ice beast is severely wounded.
The ice beast hits you but does no damage.
Ykky's ghost hits you!
* * * LOW HITPOINT WARNING * * *
Unknown command.
You hit the ice beast. You kick the ice beast.
The ice beast is almost dead.
You barely miss Ykky's ghost. The ice beast closely misses you.
Ykky's ghost lets out a mournful wail.
Ykky's ghost hits you!
You die...

# ###### ..#.#....#
##########
#.#.#.##.#####.........
.............W@Y>.....
###..#.##..####.########
.....#.....# #.#
.....#.....# #+#
...[.......#
.......##..#
#####..##..# ##.##..#
#<.#..#


You could see an ice beast and Ykky's ghost.

Vanquished Creatures
  Grinder (D:3)
  A crimson imp (D:3)
  2 adders
  A dart slug (D:1)
  7 goblins
  2 hobgoblins
  2 kobolds (D:1)
  3 bats
  2 frilled lizards (D:1)
  5 rats
26 creatures vanquished.

Notes
Turn   | Place    | Note
-------+----------+-------------------------------------------
     0 | Abyss:1  | Gargoyl the Centaur Abyssal Knight began the quest for the Orb.
     0 | Abyss:1  | Reached XP level 1. HP: 19/19 MP: 2/2
    27 | Abyss:1  | Found a corrupted altar of Lugonu.
   176 | Abyss:3  | Noticed an eye of draining
   176 | Abyss:3  | Noticed a mana viper
   182 | Abyss:3  | Noticed a golden eye
   182 | Abyss:3  | Noticed a golden eye
   182 | Abyss:3  | Noticed a golden eye
   182 | Abyss:3  | Noticed a golden eye
   182 | D:1      | Escaped the Abyss
   298 | D:1      | Reached * piety under Lugonu
   298 | D:1      | Reached XP level 2. HP: 23/26 MP: 3/3
  1290 | D:2      | Found a blossoming altar of Fedhas.
  1292 | D:2      | Found a stormy altar of Qazlal.
  1375 | D:2      | Reached XP level 3. HP: 30/31 MP: 4/4
  1531 | D:2      | Found a white marble altar of Elyvilon.
  1655 | D:2      | Found a basalt altar of Yredelemnul.
  1949 | D:3      | Reached skill level 1 in Dodging
  1949 | D:3      | Reached XP level 4. HP: 37/39 MP: 5/5
  2065 | D:3      | Noticed Grinder
  2066 | D:3      | Paralysed by Grinder for 6 turns
  2088 | D:3      | Paralysed by Grinder for 3 turns
  2096 | D:3      | Paralysed by Grinder for 3 turns
  2104 | D:3      | Paralysed by Grinder for 7 turns
  2119 | D:3      | Paralysed by Grinder for 6 turns
  2133 | D:3      | Paralysed by Grinder for 2 turns
  2136 | D:3      | Killed Grinder
  2136 | D:3      | Reached skill level 4 in Fighting
  2136 | D:3      | Reached XP level 5. HP: 21/46 MP: 5/7
  2136 | D:3      | Reached XP level 6. HP: 24/52 MP: 5/8
  2444 | D:3      | Noticed Terence
  2445 | D:3      | Noticed Sigmund
  2482 | D:4      | Noticed Ykky's ghost (amateur DDFi)
  2493 | D:4      | Noticed an ice beast
  2505 | D:4      | Slain by Ykky's ghost

Skill      XL: |  1  2  3  4 |
---------------+-------------+-----
Axes           | 2 3 |  3.3
Dodging        | 1 |  1.6
Fighting       | 4 |  4.1
Armour         | 2 |  2.1
Invocations    | 3 |  3.7

Action                   |  1- 3 |  4- 6 || total
-------------------------+-------+-------++-------
Melee: Hand axe          |   105 |    45 ||   150
       Kick              |    12 |     5 ||    17
Invok: Depart the Abyss  |     1 |       ||     1
  Use: Scroll            |    10 |       ||    10
       Potion            |       |     7 ||     7
  Eat: Ration            |     1 |       ||     1
Armor: Robe              |    60 |     5 ||    65
       Skin              |       |    25 ||    25
Dodge: Dodged            |    74 |     7 ||    81
Block: Buckler           |     1 |     5 ||     6
